Construct Section Command Post
Selects Australian Defense Battlegroup
Selects Australian Light Infantry Section
Australian Light Infantry Section
Construct Platoon Command Post
Selects 2-pounder Anti-tank Gun Team
2-pounder Anti-tank Gun Team
Construct Field Infirmary
Australian Light Infantry Section
6-pounder Anti-tank Gun Team
Selects Vehicle Over Repair
6-pounder Anti-tank Gun Team
Construct Company Command Post
Selects CMP 15cwt Supply Run
Selects Artillery Trip Wire Flares
Unlock M3 Grant Medium Tanks
Selects Archer Tank Destroyer
6-pounder Anti-tank Gun Team